Map: Frozen Temple

Players

Miszu

  • Race: Terran Terran
  • League: Grandmaster

ruo - Winner!

  • Race: Zerg Zerg
  • League: Master

VOD

Have the link to the VOD?

Description

Time

  • Played on: May 28, 2016, 5:23 p.m.
  • Length: 8:10
Show
View Real Time Build Order
Export as new Build Order

Miszu Terran 

Build Orders: Reaper Expand, MMM Bio 

Get SALT Encoding   

  12  0:01  SCV  
  13  0:13  SCV  
  14  0:18  Supply Depot  
  14  0:25  SCV  
  15  0:40  Barracks, SCV  
  16  0:45  Refinery  
  16  0:52  SCV  
  17  1:04  SCV  
  18  1:16  SCV  
  19  1:29  Orbital Command  
  19  1:30  Reaper  
  20  1:42  Command Center  
  20  1:52  Supply Depot  
  20  1:54  SCV  
  21  2:04  Marine  
  21  2:07  SCV  
  23  2:09  Factory  
  23  2:19  SCV  
  23  2:22  Barracks Reactor  
  25  2:41  SCV  
  25  2:43  Command Center  
  25  2:53  SCV  
  25  2:57  Barracks  
  27  2:58  Orbital Command  
  27  3:05  Hellion  
  28  3:06  SCV  
  29  3:12  Barracks Tech Lab  
  29  3:19  SCV  
  30  3:22  Hellion  
  30  3:25  SCV  
  33  3:29  Refinery  
  33  3:31  SCV  
  34  3:37  SCV  
  34  3:38  Marine, Stimpack  
  36  3:43  SCV  
  37  3:49  SCV  
  37  3:55  Barracks, Orbital Command  
  37  3:56  SCV  
  37  3:57  Marine  
  37  4:00  Factory Reactor  
  37  4:02  Marine x2  
  41  4:03  SCV  
  41  4:08  SCV  
  43  4:15  Marine, SCV  
  45  4:18  Engineering Bay  
  45  4:19  Engineering Bay  
  45  4:21  SCV  
  45  4:22  Orbital Command  
  46  4:26  Marine x2  
  46  4:27  SCV  
  46  4:31  Refinery x2  
  49  4:33  Marine, SCV  
  51  4:39  SCV  
  51  4:41  Barracks  
  51  4:42  Starport, Factory Reactor  
  51  4:44  Marine  
  51  4:45  SCV  
  54  4:48  Terran Infantry Weapons Level 1, Terran Infantry Armor Level 1  
  54  4:51  Supply Depot, SCV  
  55  4:53  SCV  
  55  4:57  SCV  
  55  4:59  Marine  
  57  5:00  Marine x2  
  57  5:01  Marine  
  61  5:09  Marine, SCV x2  
  61  5:11  Supply Depot  
  61  5:13  SCV  
  65  5:17  Supply Depot, Marine  
  65  5:19  Marine  
  67  5:21  SCV x2  
  67  5:26  Medivac x2, SCV, Factory Reactor  
  74  5:34  Barracks, SCV  
  75  5:36  Barracks  
  75  5:37  SCV  
  75  5:38  SCV  
  77  5:43  Supply Depot  
  77  5:45  Supply Depot  
  77  5:46  Marine x2  
  77  5:47  Marine  
  77  5:49  SCV  
  81  5:51  SCV x2  
  81  5:53  Marine  
  84  6:00  Medivac x2  
  84  6:01  SCV  
  89  6:09  SCV x2  
  87  6:11  Armory  
  87  6:12  Supply Depot  
  87  6:13  SCV  
  87  6:15  Supply Depot  
  87  6:18  Marine x3  
  89  6:22  SCV x2  
  89  6:23  Bunker  
  89  6:24  Marine  
  89  6:25  SCV  
  95  6:27  Barracks Reactor x2  
  95  6:31  Marine  
  95  6:32  Medivac  
  97  6:34  SCV  
  97  6:36  Marine x2  
  100  6:42  Marine  
  100  6:43  Combat Shields  
  100  6:46  Supply Depot  
  97  6:47  Supply Depot, SCV x2  
  92  7:00  Marine x4  
  92  7:01  Marine  
  93  7:02  SCV x2  
  93  7:05  Barracks  
  93  7:06  Barracks  
  93  7:07  Barracks  
  93  7:13  Marine  
  93  7:14  Marine x2  
  96  7:18  Marine x2  
  76  7:47  Marine x5  
  76  7:48  Marine x4  
Show
View Real Time Build Order
Export as new Build Order

ruo Zerg - Winner!

Build Orders: Hatch First 

Get SALT Encoding   

  12  0:02  Drone  
  13  0:13  Overlord  
  13  0:17  Drone  
  14  0:32  Drone x2  
  16  0:36  Drone  
  17  0:54  Hatchery  
  17  0:56  Drone  
  17  0:59  Drone  
  18  1:11  Extractor  
  17  1:14  Spawning Pool  
  17  1:16  Drone  
  17  1:21  Drone  
  18  1:36  Drone  
  19  1:46  Overlord  
  19  2:01  Queen  
  21  2:02  Zergling x2  
  21  2:05  Zergling x2  
  21  2:06  Zergling x2, Queen  
  26  2:16  Metabolic Boost  
  26  2:22  Drone x2  
  28  2:33  Overlord  
  28  2:34  Drone x2  
  30  2:38  Extractor, Drone  
  31  2:44  Queen  
  31  2:50  Drone x2  
  35  2:55  Drone  
  36  3:02  Overlord  
  36  3:06  Drone  
  36  3:10  Drone x2  
  36  3:12  Overlord  
  38  3:14  Drone  
  38  3:17  Drone x2  
  38  3:18  Drone  
  38  3:19  Drone  
  43  3:22  Drone  
  44  3:30  Drone  
  45  3:36  Drone  
  45  3:41  Drone  
  47  3:42  Extractor  
  47  3:44  Drone  
  47  3:46  Hatchery  
  46  3:49  Drone x2  
  48  3:57  Drone x3  
  48  3:58  Zergling x2  
  48  3:59  Zergling x2  
  48  4:01  Drone  
  54  4:11  Hatchery  
  54  4:15  Drone x2  
  55  4:18  Drone  
  55  4:22  Overlord x2  
  55  4:23  Drone x3  
  59  4:27  Overlord  
  59  4:29  Lair  
  59  4:32  Overlord  
  59  4:40  Overlord  
  59  4:41  Drone x2  
  59  4:43  Drone  
  62  4:47  Evolution Chamber  
  62  4:48  Evolution Chamber  
  62  4:49  Baneling Nest  
  59  4:53  Drone x4  
  59  4:55  Drone  
  59  4:58  Queen  
  66  5:13  Extractor  
  65  5:14  Zerg Melee Weapons Level 1, Zerg Ground Armor Level 1  
  65  5:15  Extractor, Drone x2  
  65  5:16  Drone x2  
  65  5:17  Drone  
  65  5:19  Drone  
  65  5:21  Drone x2  
  72  5:34  Zergling x2  
  73  5:37  Overlord  
  73  5:38  Overlord  
  73  5:39  Centrifical Hooks  
  73  5:40  Zergling x2  
  73  5:41  Zergling x14  
  73  5:42  Zergling x4  
  83  5:44  Zergling x2  
  83  5:45  Zergling x2  
  83  5:47  Zergling x4  
  87  5:56  Zergling x6  
  87  5:57  Zergling x2  
  91  6:00  Zergling x4  
  93  6:09  Zergling x2  
  93  6:10  Zergling x16  
  102  6:21  Zergling x4  
  102  6:22  Zergling x6  
  102  6:23  Overlord  
  102  6:24  Zergling x4  
  109  6:37  Zergling x8  
  109  6:39  Zergling x4  
  114  6:42  Zergling x4  
  114  6:44  Zergling x2  
  114  6:45  Zergling x4  
  106  6:48  Zergling x2  
  106  6:49  Zergling x4  
  106  6:50  Baneling x5  
  106  6:51  Baneling x25  
  106  6:52  Zergling x2  
  100  6:54  Zergling x4  
  98  7:05  Zergling x4  
  98  7:07  Zergling x2  
  100  7:08  Zergling x2  
  100  7:09  Zergling x6  
  100  7:12  Zergling x6  
  100  7:13  Zergling x2  
  108  7:19  Zergling x2  
  102  7:24  Zergling x2  
  102  7:26  Zergling x2  
  94  7:32  Zergling x2  
  94  7:33  Zergling x2  
  94  7:34  Zergling x2  
  94  7:35  Zergling x4  
  94  7:36  Zergling x2  
  98  7:38  Zergling x4  
  98  7:39  Zergling x2  
  98  7:40  Zergling x4  
  98  7:42  Baneling x7  
  98  7:43  Baneling x7  
  100  7:44  Zergling x4  
  100  7:46  Zergling x2  
  100  7:49  Zergling x4  
  100  7:50  Zergling x6  
  104  7:51  Zergling x6  
  104  7:53  Zergling x2  
Tags
 
Add a new tag
Caveats
  • Supply blocks, unpowered buildings, or Contaminate may cause inaccurate times.
  • Supply counts are checked every 10 seconds.